 Dungeon Crawl Stone Soup version 0.29.1-2-gbd0b4ee654 (webtiles) character file.

Game seed: 669096110895642022

57 Firos the Conjurer (level 3, -9/19 HPs)
             Began as a Deep Elf Conjurer on Nov 13, 2022.
             Mangled by an ogre
             ... wielding a +0 giant club
              (28 damage)
             ... on level 3 of the Dungeon.
             The game lasted 00:01:48 (1670 turns).

Firos the Conjurer (Deep Elf Conjurer)              Turns: 1670, Time: 00:01:48

Health: -9/19      AC:  2    Str:  4    XL:     3   Next: 73%
Magic:  10/19      EV: 12    Int: 24    God:
Gold:   92         SH:  0    Dex: 13    Spells: 4/10 levels left

rFire   . . .      SeeInvis .   (no weapon)
rCold   . . .      Faith    .   (no shield)
rNeg    . . .      Spirit   .   a - +0 robe
rPois   .          Reflect  .   (no helmet)
rElec   .          Harm     .   (no cloak)
rCorr   .          Rampage  .   (no gloves)
Will    .....                   (no boots)
Stlth   ++........              (no amulet)
HPRegen 0.06/turn               d - ring of magical power
MPRegen 0.16/turn               (no ring)

@: very slightly contaminated
A: no striking features
a: no special abilities


You were on level 3 of the Dungeon.
You visited 1 branch of the dungeon, and saw 3 of its levels.

You collected 131 gold pieces.
You spent 39 gold pieces at shops.

Inventory:

Armour
 a - a +0 robe (worn)
Jewellery
 d - a ring of magical power (left hand)
Scrolls
 c - 5 scrolls of identify {unknown}
 e - 2 scrolls of fear {unknown}
 h - a scroll of magic mapping {unknown}
 i - 3 scrolls of poison {unknown}
 k - a scroll of teleportation {unknown}
Potions
 b - a potion of magic
 f - a potion of curing
 g - 2 potions of degeneration {unknown}
 j - 2 potions of flight {unknown}
 l - a potion of heal wounds {unknown}


   Skills:
 - Level 2.4 Dodging
 - Level 2.4 Stealth
 + Level 4.0 Spellcasting
 * Level 5.5 Conjurations


You had 4 spell levels left.
You knew the following spells:

 Your Spells              Type           Power      Damage    Failure   Level
a - Magic Dart            Conj           100%       1d8       1%          1
b - Searing Ray           Conj           62%        2d6       1%          2
c - Dazzling Flash        Conj/Hex       36%        N/A       10%         3

Your spell library contained the following spells:

 Spells                   Type           Power      Damage    Failure   Level
 Fulminant Prism          Conj/Hex       9%         3d7       30%         4
 Iskenderun's Mystic Bla  Conj/Tloc      18%        2d6       30%         4


Dungeon Overview and Level Annotations

Branches:
Dungeon (3/15)

Altars:

Shops:
D:1 !


Message History

The magic dart hits the worm.
The worm is almost dead.
The magic dart hits the worm.
You kill the worm!
You can't see any susceptible monsters within range! (Use Z to cast anyway.) Magic restored.
An ogre comes into view. It is wielding a +0 giant club.
Found 4 poisoned darts.
The ogre shouts!
Casting: Magic Dart (safe; 1% risk of failure)
Confirm with . or Enter, or press ? or * to list all spells.
Okay, then.
The magic dart hits the ogre.
The ogre is lightly wounded.
Casting: Magic Dart (safe; 1% risk of failure)
Confirm with . or Enter, or press ? or * to list all spells.
Aiming: Searing Ray (safe; 1% risk of failure)
Press: ? - help, Shift-Dir - straight line, f/p - ogre
Aim: an ogre, wielding a +0 giant club (lightly wounded, 90% to hit)
The searing ray hits the ogre!
The ogre is heavily wounded. (Press . to maintain the ray.)
The searing ray hits the ogre.
The ogre is heavily wounded.
Casting: Searing Ray (safe; 1% risk of failure)
Confirm with . or Enter, or press ? or * to list all spells.
The spell is extremely dangerous to miscast (10% risk of failure)!
Continue anyway?
Casting: Dazzling Flash (extremely dangerous; 10% risk of failure)
Press: ? - help, Dir - look around, f - activate You miscast Dazzling Flash.
You are very lightly contaminated with residual magic.
Nothing appears to happen.
Casting: Dazzling Flash (extremely dangerous; 10% risk of failure)
Confirm with . or Enter, or press ? or * to list all spells.
The spell is extremely dangerous to miscast (10% risk of failure)!
Continue anyway?
Casting: Dazzling Flash (extremely dangerous; 10% risk of failure)
Press: ? - help, Dir - look around, f - activate The ogre hits you with a +0 giant club!!
Ouch! That really hurt!
You die...

. #.##. .....
.# #.#†# #
...###.#$#.#
...#.#.#.#.#.#
...#....(...
#.#O# #
#.@.#.#
#..<..#
#..#### #...
#... #....
##... #.... ##


You could see an ogre.

Vanquished Creatures
  An adder (D:2)
  3 worms
  3 bats
  3 endoplasms (D:1)
  3 giant cockroaches (D:1)
  3 hobgoblins
  4 quokkas
  5 ball pythons (D:2)
  4 frilled lizards
  3 goblins
  3 kobolds (D:1)
  5 rats
40 creatures vanquished.

Notes
Turn   | Place    | Note
-------+----------+-------------------------------------------
     0 | D:1      | Firos the Deep Elf Conjurer began the quest for the Orb.
     0 | D:1      | Reached XP level 1. HP: 10/10 MP: 6/6
   285 | D:1      | Reached XP level 2. HP: 12/15 MP: 8/8
   288 | D:1      | Learned a level 2 spell: Searing Ray
   655 | D:1      | Reached skill level 5 in Conjurations
   749 | D:1      | Found Dun Goy's Distillery.
   754 | D:1      | Bought a potion of curing for 39 gold pieces
  1211 | D:2      | Reached XP level 3. HP: 19/19 MP: 10/10
  1215 | D:2      | Learned a level 3 spell: Dazzling Flash
  1664 | D:3      | Noticed an ogre
  1670 | D:3      | Mangled by an ogre

Illustrated notes

Levels and vault maps discovered:
D:1:      onia_arrival_mini_spirals, layout_basic, serial_shops,
          nicolae_shop_hallway_stairs
D:2:      kennysheep_six_static_rooms, layout_basic
D:3:      kennysheep_goblin_castle, layout_basic,
          shapermc_ecumenical_altar_mp_highgroup, minmay_diced_spiral

Skill      XL: |  1  2  3 |
---------------+----------+-----
Conjurations   | 5 |  5.5
Spellcasting   | 4 |  4.0
Dodging        | |  2.4
Stealth        | |  2.4

Action                   || total
-------------------------++-------
 Cast: Magic Dart        ||    71
       Dazzling Flash    ||     1
       Searing Ray       ||     1
Dodge: Dodged            ||     2
